NCAA
TEXAS A&M AGGIES @ KANSAS STATE WILDCATS
04/10/2024
 
TOP OF THE 1ST
Texas A&M Aggies batting - Pitching for Kansas State Wildcats : RHP Frank Warren
Pitching: RHP Frank Warren
Batting: LHB Dave Bryant 0-0: Ball
1-0: Ball
2-0: Called Strike
2-1: Ball
3-1: Base on Balls
Batting: RHB Julian Lee 0-0: Called Strike
0-1: Swinging Strike
0-2: SINGLE (Line Drive, 6M)
Dave Bryant to second
Batting: RHB Ryan Hilton 0-0: Foul Ball, location: 2F
0-1: Swinging Strike
0-2: Ball
1-2: Ball
2-2: Foul Ball, location: 2F
2-2: Fly out, F8 (Flyball, 8RS)
Batting: RHB Chance May 0-0: Ball
1-0: Foul Ball, location: 2F
1-1: Ball
2-1: Called Strike
2-2: Ball
3-2: Fielders Choice at 2nd, 6-4 (Groundball, 6M)
Dave Bryant to third
Batting: SHB Clint Woods 0-0: Called Strike
0-1: Called Strike
0-2: Ball
1-2: SINGLE (Flyball, 89S)
Dave Bryant scores
Chance May to second
Batting: RHB Chris Burrell 0-0: Foul Ball, location: 2F
0-1: Called Strike
0-2: Strikes out swinging
Top of the 1st over - 1 run(s), 2 hit(s), 0 error(s), 2 left on base; Texas A&M 1 - Kansas State 0
BOTTOM OF THE 1ST
Kansas State Wildcats batting - Pitching for Texas A&M Aggies : RHP Alex Weston
Pitching: RHP Alex Weston
Batting: RHB Bill Jordan 0-0: Ball
1-0: SINGLE (Popup, 5D)
Batting: LHB Juan Cuervo 0-0: Ball
1-0: Called Strike
1-1: Called Strike
1-2: Foul Ball, location: 2F
1-2: Ball
2-2: SINGLE (Line Drive, 34D)
Bill Jordan to second
Batting: LHB Tony Smith 0-0: Ball
1-0: Hit by Pitch
Bill Jordan to third
Juan Cuervo to second
Batting: LHB Kyle Harrison 0-0: Fly out, F8 (Flyball, 8LD)
Runner from 3rd tags up, SCORES, no throw
Juan Cuervo to third
Batting: RHB David Hernández 0-0: Ball
1-0: Called Strike
1-1: Foul Ball, location: 2F
1-2: Ball
2-2: SINGLE (Groundball, 56D)
Juan Cuervo scores
Tony Smith to second
Batting: SHB Don Pittman 0-0: Swinging Strike
0-1: Foul Ball, location: 2F
0-2: Ball
1-2: Ball
2-2: Strikes out swinging
Batting: LHB José Rodríguez 0-0: Called Strike
0-1: Called Strike
0-2: Ball
1-2: Strikes out swinging
Bottom of the 1st over - 2 run(s), 3 hit(s), 0 error(s), 2 left on base; Texas A&M 1 - Kansas State 2
TOP OF THE 2ND
Texas A&M Aggies batting - Pitching for Kansas State Wildcats : RHP Frank Warren
Batting: LHB Vicente Rangel 0-0: Swinging Strike
0-1: SINGLE (Groundball, 4MD)
Batting: SHB Jason Mason 0-0: Foul Ball, location: 2F
0-1: Ball
1-1: Foul Ball, location: 2F
1-2: Ground out 4-3 (Groundball, 4MS)
Vicente Rangel to second
Batting: SHB Dan Dunn 0-0: Fly out, F4 (Popup, 4)
Batting: LHB Dave Bryant 0-0: Ball
1-0: Fly out, F7 (Flyball, 7LS)
Top of the 2nd over - 0 run(s), 1 hit(s), 0 error(s), 1 left on base; Texas A&M 1 - Kansas State 2
BOTTOM OF THE 2ND
Kansas State Wildcats batting - Pitching for Texas A&M Aggies : RHP Alex Weston
Batting: RHB John Wilson 0-0: Called Strike
0-1: Ball
1-1: Ball
2-1: Ground out 5-3 (Groundball, 56)
Batting: RHB Andrew Deal 0-0: Ball
1-0: Foul Ball, location: 2F
1-1: Called Strike
1-2: SINGLE (Flyball, 8RS)
Batting: RHB Bill Jordan 0-0: Ball
1-0: Foul Ball, location: 2F
1-1: Grounds into double play, 4-6-3 (Groundball, 4)
Bottom of the 2nd over - 0 run(s), 1 hit(s), 0 error(s), 0 left on base; Texas A&M 1 - Kansas State 2
TOP OF THE 3RD
Texas A&M Aggies batting - Pitching for Kansas State Wildcats : RHP Frank Warren
Batting: RHB Julian Lee 0-0: Ball
1-0: Called Strike
1-1: Ball
2-1: Fly out, F6 (Popup, 6S)
Batting: RHB Ryan Hilton 0-0: Foul Ball, location: 2F
0-1: Foul Ball, location: 2F
0-2: Foul Ball, location: 2F
0-2: Ball
1-2: Foul Ball, location: 2F
1-2: SINGLE (Flyball, 78M)
Batting: RHB Chance May 0-0: Called Strike
0-1: Ball
1-1: Foul Ball, location: 2F
1-2: Foul Ball, location: 2F
1-2: Ball
2-2: Ball
Balk!
Ryan Hilton to second
3-2: Foul Ball, location: 2F
3-2: Foul Ball, location: 2F
3-2: Foul Ball, location: 2F
3-2: Base on Balls
Batting: SHB Clint Woods 0-0: Swinging Strike
0-1: Foul Ball, location: 2F
0-2: Ball
1-2: Ball
2-2: Strikes out swinging
Batting: RHB Chris Burrell 0-0: Swinging Strike
0-1: Ball
1-1: Foul Ball, location: 2F
1-2: Strikes out swinging
Top of the 3rd over - 0 run(s), 1 hit(s), 0 error(s), 2 left on base; Texas A&M 1 - Kansas State 2
BOTTOM OF THE 3RD
Kansas State Wildcats batting - Pitching for Texas A&M Aggies : RHP Alex Weston
Batting: LHB Juan Cuervo 0-0: Called Strike
0-1: Ball
1-1: Swinging Strike
1-2: Strikes out swinging
Batting: LHB Tony Smith 0-0: Swinging Strike
0-1: Ground out 4-3 (Groundball, 4M)
Batting: LHB Kyle Harrison 0-0: Called Strike
0-1: Ball
1-1: Ball
2-1: Ball
3-1: Base on Balls
Batting: RHB David Hernández 0-0: Ball
1-0: Ball
2-0: Ball
3-0: Base on Balls
Kyle Harrison to second
Batting: SHB Don Pittman 0-0: Ball
1-0: Called Strike
1-1: Ball
2-1: Swinging Strike
2-2: Foul Ball, location: 2F
2-2: Ball
3-2: Base on Balls
Kyle Harrison to third
David Hernández to second
Batting: LHB José Rodríguez 0-0: Called Strike
0-1: DOUBLE (Line Drive, 3L)
Kyle Harrison scores
David Hernández scores
Don Pittman to third
Batting: RHB John Wilson 0-0: Ball
1-0: Fly out, F6 (Popup, 6MD)
Bottom of the 3rd over - 2 run(s), 1 hit(s), 0 error(s), 2 left on base; Texas A&M 1 - Kansas State 4
TOP OF THE 4TH
Texas A&M Aggies batting - Pitching for Kansas State Wildcats : RHP Frank Warren
Batting: LHB Vicente Rangel 0-0: Ball
1-0: Called Strike
1-1: Ground out U3 (Groundball, 3S)
Batting: SHB Jason Mason 0-0: Ball
1-0: Called Strike
1-1: Foul Ball, location: 2F
1-2: Foul Ball, location: 2F
1-2: Strikes out swinging
Batting: SHB Dan Dunn 0-0: Called Strike
0-1: Swinging Strike
0-2: Ball
1-2: Ball
2-2: Ground out U3 (Groundball, 3S)
Top of the 4th over - 0 run(s), 0 hit(s), 0 error(s), 0 left on base; Texas A&M 1 - Kansas State 4
BOTTOM OF THE 4TH
Kansas State Wildcats batting - Pitching for Texas A&M Aggies : RHP Alex Weston
Batting: RHB Andrew Deal 0-0: Ball
1-0: SOLO HOME RUN (Line Drive, 78XD), Distance : 375 ft
Batting: RHB Bill Jordan 0-0: Swinging Strike
0-1: Swinging Strike
0-2: Ball
1-2: Ground out 6-3 (Groundball, 6)
Batting: LHB Juan Cuervo 0-0: Ball
1-0: Ball
2-0: Swinging Strike
2-1: Ball
3-1: SINGLE (Line Drive, 89M)
Batting: LHB Tony Smith 0-0: Foul Ball, location: 2F
0-1: Foul Ball, location: 2F
0-2: Strikes out looking
Batting: LHB Kyle Harrison 0-0: Foul Ball, location: 2F
0-1: Ball
1-1: Ball
2-1: Ground out 4-3 (Groundball, 34)
Bottom of the 4th over - 1 run(s), 2 hit(s), 0 error(s), 1 left on base; Texas A&M 1 - Kansas State 5
TOP OF THE 5TH
Texas A&M Aggies batting - Pitching for Kansas State Wildcats : RHP Frank Warren
Batting: LHB Dave Bryant 0-0: Ball
1-0: Called Strike
1-1: Swinging Strike
1-2: Fly out, F9 (Flyball, 89S)
Pitching: RHP Ramón Morales
Batting: RHB Julian Lee 0-0: Ball
1-0: Ball
2-0: Ball
3-0: Base on Balls
Batting: RHB Ryan Hilton 0-0: Swinging Strike
0-1: Fly out, F9 (Flyball, 89M)
Batting: RHB Chance May 0-0: Called Strike
0-1: Ball
1-1: Foul Ball, location: 2F
1-2: Strikes out swinging
Top of the 5th over - 0 run(s), 0 hit(s), 0 error(s), 1 left on base; Texas A&M 1 - Kansas State 5
BOTTOM OF THE 5TH
Kansas State Wildcats batting - Pitching for Texas A&M Aggies : RHP Alex Weston
Pitching: LHP Tom Workman
Batting: RHB David Hernández 0-0: Ball
1-0: Ball
2-0: Ball
3-0: Called Strike
3-1: Foul Ball, location: 2F
3-2: Foul Ball, location: 2F
3-2: DOUBLE (Flyball, 78M)
Batting: SHB Don Pittman 0-0: Ball
1-0: Called Strike
1-1: Called Strike
1-2: Ground out 6-3 (Groundball, 6)
Batting: LHB José Rodríguez 0-0: Swinging Strike
Passed Ball!
David Hernández to third
0-1: Ball
1-1: Swinging Strike
1-2: Fly out, F8 (Flyball, 8LD)
Runner from 3rd tags up, SCORES, no throw
Batting: RHB John Wilson 0-0: Called Strike
0-1: Ball
1-1: Fly out, F6 (Popup, 6)
Bottom of the 5th over - 1 run(s), 1 hit(s), 0 error(s), 0 left on base; Texas A&M 1 - Kansas State 6
TOP OF THE 6TH
Texas A&M Aggies batting - Pitching for Kansas State Wildcats : RHP Ramón Morales
Batting: SHB Clint Woods 0-0: Ball
1-0: Ball
2-0: Fly out, F9 (Flyball, 89M)
Batting: RHB Chris Burrell 0-0: Called Strike
0-1: Foul Ball, location: 2F
0-2: Ball
1-2: Fly out, F8 (Flyball, 8RM)
Batting: LHB Vicente Rangel 0-0: Ball
1-0: Foul Ball, location: 2F
1-1: Ball
2-1: Ball
3-1: Called Strike
3-2: Base on Balls
Batting: SHB Jason Mason 0-0: Foul Ball, location: 2F
0-1: Foul Ball, location: 2F
0-2: Ball
1-2: Strikes out looking
Top of the 6th over - 0 run(s), 0 hit(s), 0 error(s), 1 left on base; Texas A&M 1 - Kansas State 6
BOTTOM OF THE 6TH
Kansas State Wildcats batting - Pitching for Texas A&M Aggies : LHP Tom Workman
Batting: RHB Andrew Deal 0-0: Ball
1-0: Ball
2-0: Ball
3-0: Base on Balls
Batting: RHB Bill Jordan 0-0: Fly out, F4 (Popup, 4MD)
Batting: LHB Juan Cuervo 0-0: Ball
1-0: Called Strike
Andrew Deal steals 2nd base
1-1: Ground out 1-3 (Groundball, 13S)
Andrew Deal to third
Batting: LHB Tony Smith 0-0: Called Strike
0-1: SINGLE (Line Drive, 8LS)
Andrew Deal scores
Batting: LHB Kyle Harrison 0-0: Ball
1-0: Foul Ball, location: 2F
1-1: Fly out, F8 (Flyball, 8LS)
Bottom of the 6th over - 1 run(s), 1 hit(s), 0 error(s), 1 left on base; Texas A&M 1 - Kansas State 7
TOP OF THE 7TH
Texas A&M Aggies batting - Pitching for Kansas State Wildcats : RHP Ramón Morales
Batting: SHB Dan Dunn 0-0: Called Strike
0-1: Hit by Pitch
Batting: LHB Dave Bryant 0-0: SINGLE (Line Drive, 3D)
Dan Dunn to second
Runner from 2nd tries for 3rd, SAFE, no throw or cutoff
Batting: RHB Julian Lee 0-0: Ball
1-0: Called Strike
1-1: Swinging Strike
1-2: Strikes out looking
Pitching: LHP Sam Foster
Batting: RHB Ryan Hilton 0-0: Called Strike
0-1: Foul Ball, location: 2F
0-2: Ball
1-2: Ball
2-2: Fielders Choice at 2nd, 4-6 (Groundball, 4M)
Dan Dunn scores
Batting: RHB Chance May 0-0: Ball
1-0: Ball
2-0: Called Strike
2-1: Ball
3-1: Called Strike
3-2: Base on Balls
Ryan Hilton to second
Batting: SHB Clint Woods 0-0: Ball
1-0: Ball
2-0: Called Strike
2-1: Fly out, F6 (Line Drive, 6)
Top of the 7th over - 1 run(s), 1 hit(s), 0 error(s), 2 left on base; Texas A&M 2 - Kansas State 7
BOTTOM OF THE 7TH
Kansas State Wildcats batting - Pitching for Texas A&M Aggies : LHP Tom Workman
Pitching: LHP Juan Martínez
Batting: RHB David Hernández 0-0: Swinging Strike
0-1: SOLO HOME RUN (Flyball, 78XD), Distance : 388 ft
Batting: SHB Don Pittman 0-0: Ball
1-0: SINGLE (Line Drive, 6D)
Batting: LHB José Rodríguez 0-0: Called Strike
0-1: Sac Bunt - play at first, batter OUT! 5-3
Don Pittman to second
Batting: RHB John Wilson 0-0: Ball
1-0: Ball
2-0: Ball
Wild Pitch!
Don Pittman to third
3-0: Called Strike
3-1: Swinging Strike
3-2: Foul Ball, location: 2F
3-2: Strikes out swinging
Batting: RHB Andrew Deal 0-0: Called Strike
0-1: Ball
1-1: SINGLE (Groundball, 6MD)
Don Pittman scores
Batting: RHB Bill Jordan 0-0: Ball
1-0: Swinging Strike
1-1: SINGLE (Flyball, 78S)
Andrew Deal to second
Batting: LHB Juan Cuervo 0-0: Called Strike
0-1: Ground out 2-3 (Groundball, 2R)
Bottom of the 7th over - 2 run(s), 4 hit(s), 0 error(s), 2 left on base; Texas A&M 2 - Kansas State 9
TOP OF THE 8TH
Texas A&M Aggies batting - Pitching for Kansas State Wildcats : LHP Sam Foster
Batting: RHB Chris Burrell 0-0: Called Strike
0-1: Called Strike
0-2: Ball
1-2: Fly out, F3 (Popup, 3D)
Batting: LHB Vicente Rangel 0-0: SINGLE (Line Drive, 4MD)
Batting: SHB Jason Mason 0-0: Ball
1-0: Foul Ball, location: 2F
1-1: Foul Ball, location: 2F
1-2: Foul Ball, location: 2F
1-2: Ball
2-2: Ball
3-2: Strikes out swinging
Pinch Hitting: RHB Rodney Ervin 0-0: Called Strike
0-1: Foul Ball, location: 2F
0-2: Foul Ball, location: 2F
0-2: Strikes out looking
Top of the 8th over - 0 run(s), 1 hit(s), 0 error(s), 1 left on base; Texas A&M 2 - Kansas State 9
BOTTOM OF THE 8TH
Kansas State Wildcats batting - Pitching for Texas A&M Aggies : LHP Juan Martínez
Now at 3B: Cristián López
Batting: LHB Tony Smith 0-0: Called Strike
0-1: Ball
1-1: Ball
2-1: Ball
3-1: Called Strike
3-2: Fly out, F8 (Flyball, 8LM)
Batting: LHB Kyle Harrison 0-0: Called Strike
0-1: Ball
1-1: Ball
2-1: Ball
3-1: Called Strike
3-2: Base on Balls
Pitching: RHP Gene Whitley
Batting: RHB David Hernández 0-0: Called Strike
0-1: Called Strike
Kyle Harrison steals 2nd base
0-2: Strikes out swinging
Batting: SHB Don Pittman 0-0: Ball
1-0: Ball
2-0: Swinging Strike
2-1: Foul Ball, location: 2F
2-2: Strikes out looking
Bottom of the 8th over - 0 run(s), 0 hit(s), 0 error(s), 1 left on base; Texas A&M 2 - Kansas State 9
TOP OF THE 9TH
Texas A&M Aggies batting - Pitching for Kansas State Wildcats : LHP Sam Foster
Now in RF: Bobby Hinkle
Batting: LHB Dave Bryant 0-0: Swinging Strike
0-1: Swinging Strike
0-2: Ball
1-2: Ball
2-2: Strikes out swinging
Batting: RHB Julian Lee 0-0: Called Strike
0-1: Called Strike
0-2: Ball
1-2: Ball
2-2: SOLO HOME RUN (Line Drive, 7D), Distance : 349 ft
Batting: RHB Ryan Hilton 0-0: Ball
1-0: Ball
2-0: SINGLE (Groundball, 4MD)
Batting: RHB Chance May 0-0: Ground out 5-3 (Groundball, 56S)
Ryan Hilton to second
Batting: SHB Clint Woods 0-0: Ball
1-0: Ball
2-0: Ball
3-0: Base on Balls
Batting: RHB Chris Burrell 0-0: Called Strike
0-1: Ball
1-1: Hit by Pitch
Ryan Hilton to third
Clint Woods to second
Batting: LHB Vicente Rangel 0-0: Called Strike
0-1: Called Strike
0-2: SINGLE (Groundball, 6D)
Ryan Hilton scores
Clint Woods to third
Chris Burrell to second
Runner from 3rd tries for Home, SAFE, throw made home
Pitching: RHP Bill Chase
Batting: SHB Jason Mason 0-0: Ball
1-0: Ground out 1-3 (Groundball, 13)
Top of the 9th over - 3 run(s), 3 hit(s), 0 error(s), 2 left on base; Texas A&M 5 - Kansas State 9
This league is powered by Out of the Park Baseball, the baseball management simulation game for PC, Mac and Linux
Saturday, April 9th, 2016 - OOTP Baseball 16.8 Build 38